 Dungeon Crawl Stone Soup version 0.31-a0-177-g4aa6249778 (webtiles) character file.

Game seed: 18018655703337359209

85 qw the Shooter (level 4, -1/40 HPs)
             Began as a Naga Hunter on June 18, 2023.
             Shot with an arrow by a centaur (5 damage)
             ... on level 3 of the Dungeon.
             The game lasted 00:00:42 (2012 turns).

qw the Shooter (Naga Hunter)                        Turns: 2012, Time: 00:00:42

Health: -1/40      AC:  6    Str: 13    XL:     4   Next: 48%
Magic:  4/4        EV:  7    Int: 10    God:
Gold:   67         SH:  0    Dex: 16    Spells: 3/3 levels left

rFire   . . .        Y - +1 shortbow (freeze)
rCold   . . .        (shield currently unavailable)
rNeg    . . .        c - +0 leather armour
rPois   +            (no helmet)
rElec   .            (no cloak)
rCorr   .            (no gloves)
SInv    +            g - +0 barding
Will    .....        j - amulet of faith
Stlth   ++           (no ring)
HPRegen 0.26/turn    (no ring)
MPRegen 0.09/turn

%: faith
@: very slow
A: AC +1, large, see invisible, deformed body, poison resistance, slowness 2,
spit poison 1, naga tail 1
a: Spit Poison


You were on level 3 of the Dungeon.
You visited 1 branch of the dungeon, and saw 3 of its levels.

You collected 67 gold pieces.


Innate Abilities, Weirdness & Mutations

Your serpentine skin is tough. (AC +1)
You have supernaturally acute eyesight. (SInv)
Armour fits poorly on your strangely shaped body.
Your system is resistant to poisons. (rPois)
You cover ground very slowly.
You can spit poison.
You have a snake-like lower body.


   Skills:
 + Level 2.7 Fighting
 - Level 5.0 Ranged Weapons
 - Level 1.5 Dodging
 - Level 1.5 Stealth


You had 3 spell levels left.
You didn't know any spells.
Your spell library was empty.

Inventory:

Hand Weapons
 Y - a +1 shortbow of freezing (weapon)
Armour
 c - a +0 leather armour (worn)
 g - a +0 barding (worn)
Jewellery
 j - an amulet of faith (around neck)
Potions
 a - a potion of berserk rage {unknown}
 d - a potion of curing

Dungeon Overview and Level Annotations

Branches:
Dungeon (3/15)

Altars:


Message History

Enter note:
Found a scroll of blinking.
Enter note:
Enter note: A centaur comes into view.
The centaur shouts!
The centaur wields a +0 orcbow.
The centaur shoots an arrow.
The arrow hits you!
Enter note:
Enter note:
2006 ||| INVOKING Spit Poison.
Aiming: Spit Poison (1% risk of failure)
Press: ? - help, Shift-Dir - straight line, f - centaur You fail to use your ability.
The centaur shoots an arrow.
The arrow hits you.
2007 ||| INVOKING Spit Poison.
Aiming: Spit Poison (1% risk of failure)
Press: ? - help, Shift-Dir - straight line, f/p - centaur The splash of poison hits the centaur.
The centaur is poisoned.
The centaur is lightly wounded.
The centaur shoots an arrow.
The arrow hits you.
The centaur shoots an arrow.
The arrow hits you.
You shoot an arrow. The arrow hits the centaur.
The arrow freezes the centaur.
The centaur is moderately wounded.
The centaur shoots an arrow.
The arrow hits you!
2009 ||| READING scroll of teleportation.
As you read the scroll of teleportation, it crumbles to dust.
You feel strangely unstable.
You shoot an arrow. The arrow barely misses the centaur.
The centaur unwields a +0 orcbow.
The centaur barely misses you.
The centaur kicks you but does no damage.
The centaur hits you but does no damage.
The centaur barely misses you.
You shoot an arrow. The arrow barely misses the centaur.
Your surroundings seem slightly different.
You shoot an arrow. The arrow hits the centaur!
The arrow freezes the centaur.
The centaur is almost dead.
You have got your breath back.
The centaur looks more healthy.
The centaur wields a +0 orcbow.
The centaur shoots an arrow.
The arrow hits you.
You die...

### ### #
#######@######.#.#####
..............c.......
#######.######...#####
#.# #?#<# #.######.#.#
#......... .
#######.######.. ..
................. .. .
........#####.... .##


You could see a centaur.

Vanquished Creatures
  2 adders (D:2)
  5 dart slugs (D:1)
  2 ball pythons (D:1)
  3 endoplasms
  4 goblins
  2 hobgoblins
  12 jackals (D:2)
  5 quokkas
  6 bats
  2 frilled lizards
  4 kobolds
  7 rats
54 creatures vanquished.

Notes
Turn   | Place    | Note
-------+----------+-------------------------------------------
     0 | D:1      | qw the Naga Hunter began the quest for the Orb.
     0 | D:1      | Reached XP level 1. HP: 19/19 MP: 1/1
     0 | D:1      | 0 ||| qw: Version: 0.3-a-7-ge0c9b40
     0 | D:1      | 0 ||| qw: Game counter: 822
     0 | D:1      | 0 ||| qw: Always use a shield: true
     0 | D:1      | 0 ||| qw: God list: Okawaru
     0 | D:1      | 0 ||| qw: Allow faded altars: false
     0 | D:1      | 0 ||| qw: Do Orc after D:15 true
     0 | D:1      | 0 ||| qw: Do second Lair branch before Depths: true
     0 | D:1      | 0 ||| qw: Lair rune preference: random
     0 | D:1      | 0 ||| qw: Plans: Normal
     0 | D:1      | 0 ||| PLANNING D:1-11
    64 | D:1      | 64 ||| INVOKING Spit Poison.
    84 | D:1      | 84 ||| INVOKING Spit Poison.
   134 | D:1      | 134 ||| INVOKING Spit Poison.
   142 | D:1      | 142 ||| INVOKING Spit Poison.
   143 | D:1      | Reached skill level 4 in Ranged Weapons
   143 | D:1      | Reached XP level 2. HP: 26/26 MP: 2/2
   158 | D:1      | 158 ||| INVOKING Spit Poison.
   164 | D:1      | 164 ||| INVOKING Spit Poison.
   169 | D:1      | 169 ||| INVOKING Spit Poison.
   219 | D:1      | 219 ||| INVOKING Spit Poison.
   244 | D:1      | 244 ||| INVOKING Spit Poison.
   250 | D:1      | 250 ||| INVOKING Spit Poison.
   253 | D:1      | 253 ||| INVOKING Spit Poison.
   273 | D:1      | 273 ||| INVOKING Spit Poison.
   291 | D:1      | 291 ||| INVOKING Spit Poison.
   330 | D:1      | 330 ||| INVOKING Spit Poison.
   336 | D:1      | Reached XP level 3. HP: 32/32 MP: 3/3
   366 | D:1      | 366 ||| INVOKING Spit Poison.
   469 | D:1      | Found a faded altar of an unknown god.
   546 | D:1      | 546 ||| INVOKING Spit Poison.
   553 | D:1      | 553 ||| INVOKING Spit Poison.
   614 | D:1      | 614 ||| INVOKING Spit Poison.
   731 | D:1      | 731 ||| INVOKING Spit Poison.
   990 | D:1      | 990 ||| READING 2 scrolls labelled TOLADGHEVVAE.
   991 | D:1      | 991 ||| READING scroll labelled FAMOMYQIELLY.
   995 | D:1      | 995 ||| READING 2 scrolls labelled ETIEGG BERU.
   996 | D:1      | 996 ||| READING scroll labelled WOAFUGYQOX.
   997 | D:1      | 997 ||| DROPPING scroll of revelation.
   998 | D:1      | 998 ||| DROPPING scroll of butterflies.
   999 | D:1      | 999 ||| DROPPING scroll of noise.
  1006 | D:2      | 1006 ||| INVOKING Spit Poison.
  1024 | D:2      | 1024 ||| INVOKING Spit Poison.
  1036 | D:2      | 1036 ||| INVOKING Spit Poison.
  1078 | D:2      | 1078 ||| INVOKING Spit Poison.
  1224 | D:2      | 1224 ||| INVOKING Spit Poison.
  1230 | D:2      | 1230 ||| INVOKING Spit Poison.
  1236 | D:2      | Reached skill level 5 in Ranged Weapons
  1236 | D:2      | 1236 ||| INVOKING Spit Poison.
  1240 | D:2      | Reached XP level 4. HP: 22/39 MP: 4/4
  1321 | D:2      | 1321 ||| INVOKING Spit Poison.
  1325 | D:2      | 1325 ||| INVOKING Spit Poison.
  1352 | D:2      | 1352 ||| INVOKING Spit Poison.
  1394 | D:2      | 1394 ||| INVOKING Spit Poison.
  1398 | D:2      | 1398 ||| INVOKING Spit Poison.
  1401 | D:2      | 1401 ||| INVOKING Spit Poison.
  1404 | D:2      | 1404 ||| INVOKING Spit Poison.
  1408 | D:2      | 1408 ||| INVOKING Spit Poison.
  1483 | D:2      | 1483 ||| INVOKING Spit Poison.
  1499 | D:2      | 1499 ||| INVOKING Spit Poison.
  1534 | D:2      | 1534 ||| INVOKING Spit Poison.
  1540 | D:2      | 1540 ||| INVOKING Spit Poison.
  1561 | D:2      | 1561 ||| INVOKING Spit Poison.
  1567 | D:2      | 1567 ||| INVOKING Spit Poison.
  1571 | D:2      | 1571 ||| INVOKING Spit Poison.
  1611 | D:2      | 1611 ||| INVOKING Spit Poison.
  1618 | D:2      | 1618 ||| INVOKING Spit Poison.
  1836 | D:2      | 1836 ||| UPGRADING to +0 barding.
  1841 | D:2      | 1841 ||| UPGRADING to amulet of faith.
  1846 | D:2      | 1846 ||| READING scroll labelled HEROFR UKUMUOGG.
  1847 | D:2      | 1847 ||| READING scroll labelled OHUHOC PUEHUHO.
  1848 | D:2      | 1848 ||| READING scroll labelled FIL OPRUCEMIE.
  1849 | D:2      | 1849 ||| READING scroll labelled LIEDINERHE.
  1850 | D:2      | 1850 ||| DRINKING 2 purple potions.
  1851 | D:2      | 1851 ||| DRINKING 2 silvery potions.
  1895 | D:2      | 1895 ||| DROPPING potion of lignification.
  2005 | D:3      | Noticed a centaur
  2006 | D:3      | 2006 ||| INVOKING Spit Poison.
  2007 | D:3      | 2007 ||| INVOKING Spit Poison.
  2008 | D:3      | HP: 3/40 [centaur/arrow (13)]
  2009 | D:3      | 2009 ||| READING scroll of teleportation.
  2012 | D:3      | Shot with an arrow by a centaur

Levels and vault maps discovered:
D:1:      dpeg_cavernosity, layout_basic, ebering_ecumenical_altar_webs,
          minmay_crystal_room, minmay_statues_item
D:2:      layout_loops_cross, minmay_misc_feat_columns, chequers_mini_garden
D:3:      layout_basic, nicolae_qazlal_scattered_showers,
          mainiacjoe_overflow_chevrons, chequers_serial_rivers_micro_e,
          minmay_goblin_kobold_house

Skill      XL: |  1  2  3 |
---------------+----------+-----
Ranged Weapons | 4 5 |  5.0
Fighting       | |  2.7
Dodging        | |  1.5
Stealth        | |  1.5

Action                     |  1- 3 |  4- 6 || total
---------------------------+-------+-------++-------
   Fire: Shortbow          |    61 |    44 ||   105
Ability: Spit Poison       |    26 |    18 ||    44
    Use: Scroll            |     4 |     5 ||     9
         Potion            |       |     2 ||     2
 Armour: Leather armour    |     8 |     8 ||    16
  Dodge: Dodged            |    20 |    18 ||    38

Table legend:
 A = Non-vault XP
 B = Vault XP
 C = Vault XP percentage of total XP
 D = Non-vault monster count
 E = Vault monster count
 F = Vault count percentage of total count
                 A         B        C        D         E       F
            +---------+---------+-------+---------+---------+-------
      Total |     115 |       7 |   5.7 |      50 |       4 |   7.4
            +---------+---------+-------+---------+---------+-------
        D:1 |      43 |       7 |  14.0 |      21 |       4 |  16.0
        D:2 |      71 |       0 |   0.0 |      28 |       0 |   0.0
        D:3 |       1 |       0 |   0.0 |       1 |       0 |   0.0
            +---------+---------+-------+---------+---------+-------
